 Dungeon Crawl Stone Soup version 0.32-a0-675-gdc239d62e1 (webtiles) character file.

Game seed: 12947952962089701951

68 dialectric the Covered (level 4, 0/41 HPs)
             Began as a Minotaur Fighter on Mar 11, 2024.
             Was an Initiate of Nemelex Xobeh.
             Slain by an ogre
             ... wielding a +0 giant club
              (18 damage)
             ... on level 3 of the Dungeon.
             The game lasted 00:01:20 (1677 turns).

dialectric the Covered (Minotaur Fighter)           Turns: 1677, Time: 00:01:21

Health: 0/41       AC: 11    Str: 23    XL:     4   Next: 1%
Magic:  3/3        EV:  9    Int:  5    God:    Nemelex Xobeh [......]
Gold:   133        SH:  0    Dex:  9    Spells: 3/3 levels left

rFire   . . .        a - +0 trident
rCold   . . .        (no shield)
rNeg    . . .        b - +0 scale mail
rPois   .            (helmet restricted)
rElec   .            (no cloak)
rCorr   .            (no gloves)
SInv    .            (no boots)
Will    .....        (no amulet) Stlth
                     r - +4 ring of protection
HPRegen 0.26/turn    (no ring)
MPRegen 0.08/turn

%: no passive effects
@: no status effects
A: horns 2, retaliatory headbutt
a: Renounce Religion, Draw Escape, Draw Destruction, Draw Summoning


You were on level 3 of the Dungeon.
You worshipped Nemelex Xobeh.
Nemelex Xobeh was noncommittal.
You visited 1 branch of the dungeon, and saw 3 of its levels.

You collected 133 gold pieces.

Inventory:

Hand Weapons
 a - a +0 trident (weapon)
Armour
 b - a +0 scale mail (worn)
 c - a +0 buckler
 j - a scarf of invisibility
Jewellery
 r - a +4 ring of protection (left hand)
 s - an amulet of faith
Scrolls
 e - a scroll of brand weapon {unknown}
 h - 2 scrolls of teleportation {unknown}
 i - 2 scrolls of immolation {unknown}
 k - a scroll of enchant weapon {unknown}
 l - a scroll of fear {unknown}
 m - a scroll of fog {unknown}
 o - a scroll of amnesia {unknown}
 p - a scroll of identify {unknown}
Potions
 d - a potion of might
 f - 2 potions of cancellation {unknown}
 g - 2 potions of enlightenment {unknown}
 n - 2 potions of mutation {unknown}
 q - a potion of heal wounds {unknown}
 t - a potion of haste {unknown}


   Skills:
 + Level 4.3 Fighting
 + Level 3.3 Polearms
 + Level 4.3 Armour
 + Level 4.2 Shields


You had 3 spell levels left.
You didn't know any spells.
Your spell library contained the following spells:

 Spells                   Type           Power      Damage    Failure   Level
 Dazzling Flash           Conj/Hex       0%         N/A       98%         3
 Volatile Blastmotes      Fire/Tloc      0%         2d10      98%         3
 Starburst                Conj/Fire      0%         6d3       100%        6
 Maxwell's Capacitive Co  Air            0%         ∞         100%        8


Dungeon Overview and Level Annotations

Branches:
Dungeon (3/15)

Altars:
Nemelex Xobeh
Qazlal

Shops:
D:2 :((


Innate Abilities, Weirdness & Mutations

You have a pair of horns on your head.
You reflexively headbutt those who attack you in melee.


Message History

Found a robe.
There is a sparkling altar of Nemelex Xobeh here.
You kneel at the altar of Nemelex Xobeh.
Nemelex Xobeh welcomes you!
You can now draw from decks of power.
Unknown command.
Press < or > to pray at altars.
A giant cockroach comes into view.
You see here a bubbling golden potion.
A giant cockroach is nearby!
A giant cockroach is nearby!
You reach to attack!
You hit the giant cockroach.
The giant cockroach is almost dead.
A giant cockroach is nearby!
A giant cockroach is nearby!
You hit the giant cockroach.
You kill the giant cockroach!
You have reached level 4!
You feel stronger.
g - 2 bubbling golden potions (gained 1)
You open the door.
There is an open door here.
Found a stone staircase leading down.
There is a stone staircase leading down here.
An ogre comes into view. It is wielding a +0 giant club.
An ogre is nearby!
An ogre is nearby!
An ogre is nearby!
You reach to attack!
You hit the ogre.
The ogre is lightly wounded.
You barely miss the ogre. Your headbutt misses the ogre.
The ogre is lightly wounded.
The ogre hits you with a +0 giant club!!
Ouch! That really hurt!
Unknown command.
You hit the ogre.
The ogre is moderately wounded.
The ogre hits you with a +0 giant club!!
You die...
Your body disappears without a glow.

##### #...#########
#...##......##########
#........>....@O......
#...##............####
#.####......#####.# #
###'## #......# .. .
.....###......# ##
.....#.+......#
.....#.#......# #
.....#...#...## #.
......[......# #.#


You could see an ogre.

Vanquished Creatures
  2 adders (D:2)
  An orc (D:3)
  2 ball pythons
  A bat (D:2)
  4 endoplasms
  3 giant cockroaches
  6 hobgoblins
  5 jackals
  A quokka (D:1)
  2 frilled lizards
  9 goblins
  5 kobolds
  4 rats
45 creatures vanquished.

Notes
Turn   | Place    | Note
-------+----------+-------------------------------------------
     0 | D:1      | dialectric the Minotaur Fighter began the quest for the
                  | Orb.
     0 | D:1      | Reached XP level 1. HP: 19/19 MP: 0/0
   338 | D:1      | Reached XP level 2. HP: 27/27 MP: 1/1
   707 | D:2      | Found Wewkauc's Antique Weapon Shoppe.
   818 | D:2      | Found Bourhol's Antique Weapon Emporium.
   964 | D:2      | Reached XP level 3. HP: 33/33 MP: 2/2
   973 | D:2      | Found Sasul's Book Emporium.
  1265 | D:3      | Found a stormy altar of Qazlal.
  1583 | D:3      | Found a sparkling altar of Nemelex Xobeh.
  1593 | D:3      | Became a worshipper of Nemelex Xobeh the Trickster
  1605 | D:3      | Reached XP level 4. HP: 41/41 MP: 3/3
  1672 | D:3      | Noticed an ogre
  1677 | D:3      | Slain by an ogre

Illustrated notes

Levels and vault maps discovered:
D:1:      dpeg_arrival_oval, layout_loops_ring, serial_bayou_pond_e, minivault_4
D:2:      layout_rooms, serial_shops, shop_statue, shop_fountains,
          shop_fountains, grunt_decor_junction, kennysheep_small_spiral
D:3:      cheibrodos_greedy_goblins, layout_basic,
          mainiacjoe_overflow_boulevard, pf_just_have_faith, uniq_sigmund

Skill      XL: |  1  2 |
---------------+-------+-----
Fighting       | 4 |  4.3
Armour         | 4 |  4.3
Polearms       | 3 |  3.3
Shields        | 4 |  4.2

Action                     |  1- 3 |  4- 6 || total
---------------------------+-------+-------++-------
  Melee: Trident           |    92 |     3 ||    95
         Headbutt          |     5 |       ||     5
 Armour: Scale mail        |    64 |     2 ||    66
  Dodge: Dodged            |    42 |       ||    42
  Block: Buckler           |     9 |       ||     9

Table legend: (Time is in decaauts)
 A = Elapsed time spent in this place.
 B = Non-inter-level travel time spent in this place.
 C = Inter-level travel time spent in this place.
 D = Time resting spent in this place.
 E = Time spent auto-exploring this place.
 F = Levels seen in this place.
 G = Mean time per level.
                   A        B        C        D        E       F      G
               +--------+--------+--------+--------+--------+-----+--------+
         Total |   1695 |   1623 |     72 |      0 |   1379 |   3 |  565.0 |
       Dungeon |   1695 |   1623 |     72 |      0 |   1379 |   3 |  565.0 |
               +--------+--------+--------+--------+--------+-----+--------+

Top non-repeatable levels by time:
     D:1: 714 daAuts
     D:2: 555 daAuts
     D:3: 425 daAuts
